 Dungeon Crawl Stone Soup version 0.31.0-4-g52a2dc7128 (webtiles) character file.

Game seed: 17993867416708183648

28 Esekla the Magician (level 2, 0/16 HPs)
             Began as a Deep Elf Warper on Jan 22, 2024.
             Slain by an orc
             ... wielding a +0 dagger
              (3 damage)
             ... on level 2 of the Dungeon.
             The game lasted 00:05:18 (826 turns).

Esekla the Magician (Deep Elf Warper)                Turns: 826, Time: 00:05:18

Health: 0/16       AC:  3    Str:  8    XL:     2   Next: 96%
Magic:  8/8        EV: 12    Int: 17    God:
Gold:   14         SH:  0    Dex: 14    Spells: 6/8 levels left

rFire   . . .        a - +0 falchion
rCold   . . .        (no shield)
rNeg    . . .        b - +0 leather armour
rPois   +            (no helmet)
rElec   .            (no cloak)
rCorr   .            (no gloves)
SInv    .            (no boots)
Will    +....        (no amulet)
Stlth   +            h - ring of willpower
HPRegen 0.22/turn    i - ring of poison resistance
MPRegen 0.11/turn

%: no passive effects
@: no status effects
A: no striking features
a: no special abilities


You were on level 2 of the Dungeon.
You visited 1 branch of the dungeon, and saw 3 of its levels.

You collected 14 gold pieces.

Inventory:

Hand Weapons
 a - a +0 falchion (weapon)
 r - a +0 spear
Missiles
 d - 5 darts of dispersal (quivered)
 e - 2 poisoned darts
Armour
 b - a +0 leather armour (worn)
Jewellery
 h - a ring of willpower (left hand)
 i - a ring of poison resistance (right hand)
Scrolls
 c - a scroll of blinking
 j - a scroll of identify {unknown}
Potions
 f - 2 potions of curing {unknown}
 g - a potion of attraction {unknown}


   Skills:
 - Level 1.5 Fighting
 + Level 1.8 Long Blades
 + Level 1.0 Throwing
 + Level 1.1 Armour
 * Level 2.9 Dodging
 * Level 1.2 Stealth
 * Level 3.6 Spellcasting
 + Level 3.4 Translocations


You had 6 spell levels left.
You knew the following spells:

 Your Spells              Type           Power      Damage    Failure   Level
b - Blink                 Tloc           28%        N/A       9%          2

Your spell library contained the following spells:

 Spells                   Type           Power      Damage    Failure   Level
 Lesser Beckoning         Tloc           28%        N/A       9%          2
 Teleport Other           Tloc           14%        N/A       17%         3
 Manifold Assault         Tloc           14%        N/A       50%         4
 Vhi's Electric Charge    Tloc/Air       16%        N/A       75%         4


Dungeon Overview and Level Annotations

Branches:
Dungeon (3/15)

Altars:


Message History

The orc completely misses you.
You climb upwards.
There is a stone staircase leading down here.
You hit the orc.
The orc is lightly wounded.
The orc hits you with a +0 dagger.
You completely miss the orc.
The orc is lightly wounded.
The orc misses you.
You hit the orc.
The orc is almost dead.
The orc hits you with a +0 dagger.
You barely miss the orc.
The orc is almost dead.
The orc hits you with a +0 dagger.
You hit the orc but do no damage.
The orc is almost dead.
The orc hits you with a +0 dagger. The orc hits you but does no damage.
You closely miss the orc.
The orc is almost dead.
The orc hits you with a +0 dagger.
You hit the orc but do no damage.
The orc is severely wounded.
The orc barely misses you.
You closely miss the orc.
The orc is severely wounded.
The orc hits you with a +0 dagger.
* * * LOW HITPOINT WARNING * * *
You hit the orc but do no damage.
The orc is severely wounded.
The orc misses you.
You hit the orc but do no damage.
The orc is severely wounded.
The orc hits you with a +0 dagger.
* * * LOW HITPOINT WARNING * * *
The orc closely misses you.
You barely miss the orc.
The orc is severely wounded.
The orc hits you with a +0 dagger.
You die...

#.# ###..#### #.#
##..... #.#
###### ###.####
#......# #......#
#......#
#......###
#@.......#######
#.o....#.......#
#......#######...
#....<.# ########


You could see an orc.

Vanquished Creatures
  A dart slug (D:2)
  An orc (D:3)
  A ball python (D:2)
  2 endoplasms
  A giant cockroach (D:1)
  2 goblins (D:1)
  8 jackals
  A kobold (D:1)
  2 frilled lizards
  A rat (D:1)
20 creatures vanquished.

Notes
Turn   | Place    | Note
-------+----------+-------------------------------------------
     0 | D:1      | Esekla the Deep Elf Warper began the quest for the Orb.
     0 | D:1      | Reached XP level 1. HP: 12/12 MP: 6/6
   117 | D:1      | Found a faded altar of an unknown god.
   139 | D:1      | Reached skill level 1 in Armour
   262 | D:2      | Reached XP level 2. HP: 13/16 MP: 8/8
   273 | D:1      | Learned a level 2 spell: Blink
   603 | D:1      | Reached skill level 1 in Stealth
   826 | D:2      | Slain by an orc

Illustrated notes

Levels and vault maps discovered:
D:1:      lightli_arrival_noodles, layout_loops_ring,
          ebering_ecumenical_altar_rust, minivault_4, grunt_decor_mini_mirrors
D:2:      layout_rooms
D:3:      minmay_thinvault, layout_loops_ring, tgw_fedhas, uniq_ijyb, uniq_robin

Skill      XL: |  1  2 |
---------------+-------+-----
Armour         | 1 |  1.1
Stealth        | 1 |  1.2
Fighting       | |  1.5
Long Blades    | |  1.8
Throwing       | |  1.0
Dodging        | |  2.9
Spellcasting   | |  3.6
Translocations | |  3.4

Action                     || total
---------------------------++-------
  Melee: Falchion          ||    82
  Throw: Dart              ||     2
   Stab: Sleeping          ||     3
 Armour: Leather armour    ||    49
  Dodge: Dodged            ||    51
